AoeStats
← Eugenius

Black Forest

507483843Analyzed
4v4 RM · 14d ago on Sep 18, 2026· 17m 48s· 8 players
Game mode
Random Map
Map size
Large (8 player)
Population
200
Speed
Normal
Resources
Standard
Victory
Conquest
Starting age
Dark Age
Ending age
Imperial Age
RankedLock teamsTeams togetherTeam positionsShared explorationLock speedFull tech treeHidden civsTurbo modeCheats
Victory
Defeat
🇹🇼 Muisca · Taiwan
1957
+8
🇹🇼 Shu · Taiwan
1922
+9
🇹🇼 Malians · Taiwan
1915
+10
🇹🇼 Portuguese · Taiwan
1665
+19
🇦🇷 Koreans · Argentina
1835
-14
🇨🇳 Malay · China
1813
-13
🇧🇷 Lithuanians · Brazil
1717
-10
🇵🇪 Khmer · Peru
1697
-9
coxinha_iodo
11:09 Feudal Age
12:22 Double-Bit Axe
16:51 Castle Age
16:30 Fishing Lines
17:50 Bow Saw
Eugenius
爱人跟人走
2:25 Loom
11:23 Feudal Age
11:01 Double-Bit Axe
11:15 Fishing Lines
17:19 Castle Age
17:11 Gillnets
17:33 Bow Saw
Mariann
0:42 Loom
[LuB]夢夢
0:43 Loom
GKT_Cloud
11:48 Feudal Age
13:16 Double-Bit Axe
15:51 Castle Age
13:54 Horse Collar
15:02 Forging
15:58 Light Cavalry
17:11 Bow Saw
MaruZenSky
11:13 Feudal Age
14:57 Castle Age
12:45 Double-Bit Axe
13:02 Horse Collar
16:00 Bow Saw
15:58 Heavy Plow
18:00 Wheelbarrow
[LuB]a61
11:50 Feudal Age
12:44 Double-Bit Axe
15:33 Castle Age
13:38 Fishing Lines
16:33 Bow Saw
Connection lost

Rejoining the realm…

Still unreachable

The connection could not be restored.

Session expired

The server has moved on; the page needs a fresh start.